 Dungeon Crawl Stone Soup version 0.19-a0-1320-g0178847 (webtiles) character file.

179953 Duffy the Protected (level 18, -4/146 HPs)
             Began as a Formicid Necromancer on Aug 31, 2016.
             Was the Champion of Cheibriados.
             Slain by the 27-headed Lernaean hydra (5 damage)
             ... on level 4 of the Swamp.
             The game lasted 01:47:50 (41679 turns).

Duffy the Protected (Formicid Necromancer)         Turns: 41679, Time: 01:47:51

Health: -4/146     AC: 28    Str: 32    XL:     18   Next: 93%
Magic:  2/27       EV: 20    Int: 30    God:    Cheibriados [******]
Gold:   874        SH: 15    Dex: 36    Spells: 7 memorised, 2 levels left

rFire  + + .     SeeInvis +     a - +9 lance "Wyrmbane" {slay drac, rPois rF+ rC+ AC+3}
rCold  + . .     Gourm    .     u - +2 plate armour {rF+}
rNeg   + . .     Faith    +     W - +0 shield (curse)
rPois  +         Spirit   .     (helmet unavailable)
rElec  .         Dismiss  .     k - +2 cloak
rCorr  .         Reflect  .     i - +0 pair of fencer's gloves {+Riposte Dex+6}
MR     ++...     Harm     .     j - +0 pair of boots
Stlth  ..........               z - amulet of faith
                                c - ring of positive energy
                                K - ring of protection from magic

@: very slightly contaminated, regenerating, very slow
A: permanent stasis, dig shafts and tunnels, four strong arms, antennae 3
a: Dig, Shaft Self, Bend Time, Temporal Distortion, Slouch, Step From Time,
Renounce Religion


You were on level 4 of the Swamp.
You worshipped Cheibriados.
Cheibriados was exalted by your worship.
You were not hungry.

You visited 6 branches of the dungeon, and saw 29 of its levels.
You visited the Abyss 1 time.
You visited 1 bazaar.
You also visited: Volcano.

You collected 2945 gold pieces.
You spent 2071 gold pieces at shops.

Inventory:

Hand Weapons
 a - the +9 lance "Wyrmbane" (weapon) {slay drac, rPois rF+ rC+ AC+3}
   (You acquired it on level 13 of the Dungeon)

   It affects your AC (+3).
   It protects you from fire.
   It protects you from cold.
   It protects you from poison.
 b - a +0 bardiche
Missiles
 V - 4 throwing nets (quivered)
Armour
 i - the +0 pair of fencer's gloves (worn) {+Riposte Dex+6}
   (You bought it in a shop on level 2 of the Orcish Mines)

   It affects your dexterity (+6).
 j - a +0 pair of boots (worn)
 k - a +2 cloak (worn)
 u - a +2 plate armour of fire resistance (worn)
 W - a cursed +0 shield (worn)
Jewellery
 c - a ring of positive energy (right hand)
 z - an amulet of faith (around neck)
 K - a ring of protection from magic (left hand)
 O - an uncursed ring of poison resistance
 P - the ring of Xixalo {+Blink rC+ Str-3 Int+7 Stlth-}
   (You found it on level 10 of the Dungeon)

   [ring of protection from cold]

   It affects your strength (-3).
   It affects your intelligence (+7).
   It protects you from cold.
   It lets you blink.
   It makes you less stealthy.
 R - an uncursed ring of fire
 Y - an uncursed ring of resist corrosion
Wands
 p - a wand of paralysis (22/24)
 r - a wand of iceblast (7/15)
 t - a wand of lightning (1/15)
 y - a wand of heal wounds (5/9)
 F - a wand of iceblast (6/15)
 U - a wand of acid (8/15)
 Z - a wand of lightning (5/15)
Scrolls
 d - 3 scrolls of immolation
 e - 2 scrolls of vulnerability
 f - 6 scrolls of remove curse
 g - a scroll of holy word
 l - 5 scrolls of fear
 m - 2 scrolls of silence
 x - 3 scrolls of magic mapping
 A - 2 scrolls of fog
 G - 3 scrolls of recharging
 X - 2 scrolls of enchant armour
Potions
 h - 2 potions of flight
 n - 4 potions of heal wounds
 s - 3 potions of brilliance
 v - 8 potions of curing
 w - 2 potions of magic
 D - a potion of might
 J - 3 potions of resistance
 M - 2 potions of cancellation
 N - 3 potions of invisibility
 T - 2 potions of agility
Miscellaneous
 q - a fan of gales
 H - a phial of floods
 L - a sack of spiders
 Q - a lamp of fire
Comestibles
 B - 7 meat rations
 C - 4 beef jerkies
 E - 35 fruits
 S - 12 bread rations


   Skills:
 + Level 14.1 Fighting
 - Level 13.0 Polearms
 + Level 14.9 Armour
 - Level 10.5 Dodging
 - Level 2.4 Stealth
 - Level 10.0 Shields
 - Level 2.5 Spellcasting
 - Level 4.5 Conjurations
 - Level 5.5 Charms
 - Level 11.5 Necromancy
 - Level 4.5 Fire Magic
 - Level 3.8 Air Magic
 - Level 12.5 Invocations
 - Level 5.0 Evocations


You had 2 spell levels left.
You knew the following spells:

 Your Spells              Type           Power        Failure   Level  Hunger
a - Apportation           Tloc           #.........   38%         1    None
g - Passage of Golubria   Tloc           N/A          100%        4    ####...
l - Conjure Flame         Conj/Fire      ####....     17%         3    ###....
m - Repel Missiles        Chrm/Air       ####..       10%         2    ##.....
n - Vampiric Draining     Necr           ######....   1%          3    ###....
s - Animate Dead          Necr           N/A          3%          4    ####...
y - Regeneration          Chrm/Necr      ######....   3%          3    ###....


Dungeon Overview and Level Annotations

Branches:
Dungeon (15/15)            Temple (1/1) D:4            Lair (6/6) D:9
  Swamp (4/4) Lair:4        Snake (1/4) Lair:4        Slime (0/5) Lair:5
    Orc (2/2) D:11            Elf (0/3) Orc:2        Vaults (0/5) D:13
 Depths (0/5) D:15

Altars:
Ashenzari
Cheibriados
Dithmenos
Elyvilon
Fedhas
Gozag
Hepliaklqana
Kikubaaqudgha
Makhleb
Nemelex Xobeh
Okawaru
Qazlal
Ru
Sif Muna
Trog
Uskayaw
Vehumet
Xom
Yredelemnul
Zin
The Shining One
Jiyva

Shops:
Orc:1 (   Orc:2 [:**

Annotations:
D:7 1 runed door
Lair:6 exclusion: 2 oklob plants
Swamp:4 Lernaean hydra


Innate Abilities, Weirdness & Mutations

You are under a permanent stasis effect.
You can dig through walls and to a lower floor.
Your four strong arms can wield two-handed weapons with a shield.
You have a pair of large antennae on your head. (SInv)


Message History

The 27-headed Lernaean hydra barely misses you.
The 27-headed Lernaean hydra misses you.
The 27-headed Lernaean hydra bites you!
The 27-headed Lernaean hydra bites you but does no damage. x6
Evoke which item? (* to show all) (? for menu, Esc to quit)
Zapping:
y - a wand of heal wounds (6/9)
Press: ? - help, Shift-Dir - straight line, f - you You feel much better.
This wand has 5 charges left.
The 27-headed Lernaean hydra bites you!
The 27-headed Lernaean hydra bites you but does no damage.
The 27-headed Lernaean hydra barely misses you.
You block the 27-headed Lernaean hydra's attack.
The 27-headed Lernaean hydra bites you but does no damage.
You block the 27-headed Lernaean hydra's attack.
The 27-headed Lernaean hydra bites you but does no damage. x2
The 27-headed Lernaean hydra closely misses you.
The 27-headed Lernaean hydra bites you!
The 27-headed Lernaean hydra bites you but does no damage.
The 27-headed Lernaean hydra bites you. x2
You die...

77777..7777~#~~7 ..~~...7
77.~~7 .#.#.~ .~~~~..7
77.#~~7 ~#.~~ ~~~~..77
7~.7777 #~#.~~#~ ~~...~7
77~777. ~~~.#.~.
~~~~~~7777~777. ##~~~.~~.#
..~0~0..7.~77.######~~~~.~~~~
7....~0~...~7.=~##%%~#~~.~~.D
.~~~~~~~..~~.~..@D~%.....~...
~~~~~~~~~....~..%#%~.~~~~F~.~
~~~~~~~~....77.####~~~~#~DD~.
~~~.~77~7..~~77.~ ####~~####~
.0~...777.~:7~777. ###
~..~~~7 7....~77


7 7777 7 7~.~~.777.#.7~~777 777~~7777 77.~~~~~......~~~7 7[....77~
7~.~~~~~...:.#~..7 77777~~.#.~7 You could see the 27-headed Lernaean hydra.

Vanquished Creatures
  Mara (Swamp:4)
  2 tentacled starspawn (Abyss:2)
  A thorn hunter (Swamp:3)
  Kirke (D:13)
  Aizul (Swamp:4)
  A deep elf sorcerer (D:12)
  A stone giant (Orc:1)
  2 dire elephants
  2 ettins (Orc:1)
  Snorg (D:13)
  A yaktaur captain (D:13)
  The ghost of ilikecats the Basher, a journeyman TrFi of Okawaru (D:12)
  A great orb of eyes (Abyss:2)
  A rakshasa (Abyss:2)
  21 hydras
  2 catoblepae
  Erica (D:11)
  2 centaur warriors
  3 ogre magi
  4 ghost crabs
  2 death knights
  A deep troll shaman (Lair:6)
  A titan zombie (Orc:1)
  12 alligators
  A thrashing horror (Abyss:2)
  5 death yaks
  2 vampire magi (D:12)
  Urug (Lair:5)
  A shock serpent (Lair:4)
  A wretched star (Abyss:2)
  2 spriggan druids
  A skeletal warrior (D:14)
  A sixfirhy (Abyss:2)
  An unseen horror (D:13)
  20 hill giants
  2 deep trolls (Orc:2)
  A shambling mangrove (Swamp:1)
  12 swamp dragons
  A wizard (D:14)
  2 orc knights
  11 deep elf magi
  A wolf spider (D:15)
  A salamander (D:15)
  10 ugly things
  2 griffons
  A hornet (D:15)
  9 cyclopes
  7 centaur zombies
  7 orc sorcerers
  3 stone giant zombies (Orc:1)
  2 manticores
  10 elephants
  2 naga magi (D:12)
  A black mamba (Lair:3)
  2 smoke demons (Abyss:2)
  Maurice (D:9)
  A molten gargoyle (Volcano)
  A torpor snail (Lair:4)
  A water nymph (shapeshifter) (D:14)
  13 spiny frogs
  5 gargoyles
  5 yaktaurs
  4 rime drakes
  3 centaur skeletons
  An efreet (Abyss:2)
  2 freezing wraiths (D:14)
  The ghost of Multipenetrator the Ducker, a novice OpTm of Nemelex Xobeh (D:6)
  10 komodo dragons
  2 tengu conjurers
  12 two-headed ogres
  The ghost of Xiguana the Shooter, a novice SpAM (D:5)
  11 trolls
  3 meliai (D:15)
  8 giant leeches
  43 slime creatures
  3 polar bears
  Prince Ribbit (Lair:2)
  15 blink frogs
  4 raiju (Abyss:2)
  6 bog bodies
  9 dream sheep
  The ghost of Ruebezahl the Skirmisher, an amateur GrCK of Xom (D:4)
  2 boulder beetles
  A centaur simulacrum (D:15)
  A meliai zombie (D:8)
  8 spriggans
  2 shadows
  2 wyverns
  A vampire (D:13)
  47 yaks
  Eustachio (D:5)
  A steam dragon (Lair:5)
  2 basilisks
  A fire elemental (Volcano)
  6 hippogriffs
  A neqoxec (Abyss:2)
  3 hogs (D:13)
  31 vampire mosquitoes
  3 fire bats (Lair:5)
  A hungry ghost (D:12)
  3 chaos spawn (Abyss:2)
  16 insubstantial wisps
  7 wargs (Orc:1)
  2 mottled dragons (D:11)
  The ghost of Ruebezahl the Skirmisher, an amateur GrCK of Xom (D:3)
  18 swamp worms
  15 water moccasins
  10 swamp drakes
  6 porcupines
  A large abomination (Abyss:2)
  An eye of draining (D:13)
  22 orc warriors
  5 ice beasts
  4 sky beasts
  A black bear (D:10)
  4 phantoms
  10 wasps
  2 necrophages
  9 wolves
  33 ogres
  8 centaurs
  11 crocodiles
  Blork the orc (D:6)
  5 big kobolds
  27 giant frogs
  A wyvern zombie (D:9)
  3 small abominations (Abyss:2)
  6 scorpions
  17 killer bees
  26 wights
  7 howler monkeys
  2 wasp zombies
  7 crimson imps
  4 hounds
  5 jellies
  24 orc wizards
  2 quasits
  21 orc priests
  4 giant frog skeletons
  10 iguanas
  2 hell rats (D:8)
  12 worker ants
  A killer bee zombie (D:8)
  A hound zombie (D:7)
  A hound skeleton (D:6)
  2 howler monkey zombies
  A worker ant zombie (D:11)
  2 howler monkey skeletons (D:5)
  6 gnolls
  16 adders
  53 river rats
  6 shadow imps
  An ooze (D:1)
  An adder skeleton (D:4)
  6 worms
  3 dart slugs
  9 giant geckos
  76 orcs
  7 bats
  10 giant cockroaches
  4 goblins
  8 hobgoblins
  21 jackals
  16 kobolds
  11 quokkas
  2 ball pythons
  9 giant newts
  A jackal zombie (D:6)
  A quokka zombie (D:5)
  34 rats
  A fungus (Lair:6)
  9 starspawn tentacles (Abyss:2)
1164 creatures vanquished.

Vanquished Creatures (others)
  A spriggan (Swamp:3)
  A hill giant (D:13)
  A deep elf mage (D:13)
  A blink frog (Swamp:4)
  2 hogs (D:13)
  A human (D:13)
  3 insubstantial wisps (Swamp:3)
  A wasp (Swamp:3)
  A scorpion (D:13)
  A bush (Lair:6)
  20 fungi
  22 plants
  33 starspawn tentacles (Abyss:2)
88 creatures vanquished.

Grand Total: 1252 creatures vanquished

Notes
Turn   | Place    | Note
-------+----------+-------------------------------------------
     0 | D:1      | Duffy the Formicid Necromancer began the quest for the Orb.
     0 | D:1      | Reached XP level 1. HP: 13/13 MP: 3/3
   167 | D:1      | Reached XP level 2. HP: 20/20 MP: 5/5
   207 | D:1      | Reached skill level 1 in Fighting
   355 | D:1      | You fall through a shaft!
   812 | D:2      | Found a faded altar of an unknown god.
   866 | D:2      | Reached skill level 1 in Polearms
   866 | D:2      | Reached XP level 3. HP: 26/26 MP: 6/6
   873 | D:2      | Learned a level 3 spell: Vampiric Draining
  1160 | D:1      | Reached XP level 4. HP: 30/32 MP: 7/7
  2077 | D:2      | Learned a level 3 spell: Regeneration
  2434 | D:2      | Reached skill level 5 in Necromancy
  2434 | D:2      | Reached XP level 5. HP: 30/38 MP: 3/8
  2706 | D:3      | Noticed Ruebezahl's ghost (amateur GrCK)
  3610 | D:4      | Noticed Ruebezahl's ghost (amateur GrCK)
  3828 | D:4      | Reached XP level 6. HP: 30/46 MP: 5/9
  4824 | D:5      | Entered Level 5 of the Dungeon
  5154 | D:4      | Found a staircase to the Ecumenical Temple.
  5171 | Temple   | Entered the Ecumenical Temple
  5603 | Temple   | Became a worshipper of Cheibriados the Contemplative
  6000 | D:5      | Reached XP level 7. HP: 53/54 MP: 10/10
  6704 | D:5      | Noticed Eustachio
  6732 | D:5      | Killed Eustachio
  6732 | D:5      | Reached skill level 5 in Polearms
  6732 | D:5      | Reached XP level 8. HP: 56/61 MP: 11/11
  6767 | D:5      | Reached skill level 5 in Fighting
  6913 | D:5      | Learned a level 4 spell: Animate Dead
  7019 | D:5      | Noticed Xiguana's ghost (novice SpAM)
  8048 | D:6      | Noticed Blork the orc
  8072 | D:6      | Killed Blork the orc
  8342 | D:6      | Noticed Multipenetrator's ghost (novice OpTm)
  8367 | D:6      | Killed Multipenetrator's ghost
  8367 | D:6      | Reached XP level 9. HP: 29/68 MP: 12/12
  8372 | D:6      | Reached * piety under Cheibriados
  8833 | D:6      | Reached skill level 5 in Dodging
  9740 | D:7      | Found a runed door.
  9740 | D:7      | Found a glowing silver altar of Zin.
  9740 | D:7      | Noticed an angel
 10032 | D:7      | Reached ** piety under Cheibriados
 11033 | D:7      | Reached XP level 10. HP: 62/74 MP: 13/13
 11546 | D:7      | Reached *** piety under Cheibriados
 12073 | D:8      | Reached skill level 1 in Invocations
 12411 | D:8      | Reached **** piety under Cheibriados
 12909 | D:8      | Got a smoking ring mail
 12920 | D:8      | Identified the cursed +1 ring mail of Tyget {Str+8} (You found it on level 8 of the Dungeon)
 13040 | D:8      | Reached skill level 10 in Polearms
 13252 | D:8      | Reached skill level 1 in Shields
 13252 | D:8      | Reached skill level 1 in Evocations
 13596 | D:8      | Reached ***** piety under Cheibriados
 14073 | D:9      | Reached XP level 11. HP: 78/80 MP: 14/14
 14235 | D:9      | Reached skill level 5 in Invocations
 14246 | D:9      | Found a staircase to the Lair.
 14709 | D:9      | Noticed Maurice
 14727 | D:9      | Killed Maurice
 14846 | D:9      | Reached ****** piety under Cheibriados
 14966 | D:10     | Entered Level 10 of the Dungeon
 15221 | D:10     | Got a slimy wooden ring
 15243 | D:10     | Identified the ring of Xixalo {+Blink rC+ Str-3 Int+7 Stlth-} (You found it on level 10 of the Dungeon)
 15703 | D:10     | Noticed a hill giant
 15718 | D:10     | Killed a hill giant
 16039 | D:4      | Killed Ruebezahl's ghost
 16450 | D:3      | Killed Ruebezahl's ghost
 16741 | D:5      | Killed Xiguana's ghost
 16876 | Lair:1   | Entered Level 1 of the Lair of Beasts
 17670 | Lair:1   | Reached XP level 12. HP: 92/92 MP: 18/18
 17680 | Lair:1   | Learned a level 3 spell: Conjure Flame
 17712 | Lair:1   | Reached skill level 1 in Fire Magic
 17839 | Lair:2   | Noticed Prince Ribbit
 17844 | Lair:2   | Reached skill level 1 in Conjurations
 17845 | Lair:2   | Killed Prince Ribbit
 18803 | Lair:3   | Noticed a seven-headed hydra
 18810 | Lair:3   | Killed a seven-headed hydra
 19493 | Lair:4   | Reached XP level 13. HP: 98/98 MP: 19/19
 19499 | Lair:4   | Noticed a four-headed hydra
 19505 | Lair:4   | Killed a four-headed hydra
 19567 | Lair:4   | Found a staircase to the Swamp.
 19639 | Lair:4   | Found a staircase to the Snake Pit.
 19856 | Lair:4   | Noticed a catoblepas
 19871 | Lair:4   | Killed a catoblepas
 20438 | Lair:4   | Noticed a seven-headed hydra
 20445 | Lair:4   | Killed a seven-headed hydra
 20906 | Lair:5   | Found a dark tunnel.
 20922 | Volcano  | Entered a volcano
 21877 | Lair:5   | Noticed Urug
 21997 | Lair:5   | Killed Urug
 22000 | Lair:5   | Reached skill level 5 in Evocations
 22061 | Lair:5   | Reached skill level 1 in Charms
 22560 | Lair:5   | Found a staircase to the Slime Pits.
 22561 | Lair:5   | Found a viscous altar of Jiyva.
 23257 | Lair:6   | Entered Level 6 of the Lair of Beasts
 23269 | Lair:6   | Reached XP level 14. HP: 108/108 MP: 20/20
 23613 | Lair:6   | Reached skill level 10 in Fighting
 23677 | Lair:6   | Reached skill level 1 in Armour
 23926 | Lair:6   | Reached skill level 5 in Armour
 24041 | Lair:6   | Noticed a dire elephant
 24687 | Lair:6   | Killed a dire elephant
 24844 | Lair:6   | Got an amber-encrusted fire dragon armour
 24855 | Lair:6   | Identified the +0 fire dragon armour of Sovereignty {rElec rPois rF++ rC- MR+} (You found it on level 6 of the Lair of Beasts)
 25975 | D:11     | Reached skill level 10 in Armour
 26163 | D:11     | Noticed Erica
 26195 | D:11     | Killed Erica
 26284 | D:11     | Got a twitching platinum amulet
 26558 | D:11     | Found a staircase to the Orcish Mines.
 26665 | D:11     | Reached XP level 15. HP: 115/115 MP: 21/21
 27113 | Orc:1    | Entered Level 1 of the Orcish Mines
 27625 | Orc:1    | Reached skill level 5 in Charms
 27699 | Orc:1    | Reached skill level 10 in Necromancy
 27777 | Orc:1    | Noticed a stone giant
 27794 | Orc:1    | Killed a stone giant
 28592 | Orc:1    | Found Foabb's Antique Weapon Shoppe.
 28885 | Orc:2    | Entered Level 2 of the Orcish Mines
 28994 | Orc:2    | Found a staircase to the Elven Halls.
 29058 | Orc:2    | Found Bedaoqo's General Store.
 29118 | Orc:2    | Found Jyklan's Book Emporium.
 29283 | Orc:2    | Reached XP level 16. HP: 74/125 MP: 20/22
 29405 | Orc:2    | Found Qoghoz's Armour Shoppe.
 29405 | Orc:2    | Found Jiull's Assorted Antiques.
 30083 | Orc:2    | Bought the +0 pair of fencer's gloves {+Riposte Dex+6} for 313 gold pieces
 30101 | Orc:2    | Bought a scroll labeled JURULAICIBI for 35 gold pieces
 30107 | Orc:2    | Bought a scroll of identify for 22 gold pieces
 30125 | Orc:2    | Bought a pair of boots for 157 gold pieces
 30537 | D:12     | Identified the amulet "Ycupp" {Dismiss Fragile rN+ Str+4} (You found it on level 11 of the Dungeon)
 30637 | D:12     | Noticed ilikecats's ghost (journeyman TrFi)
 30655 | D:12     | Killed ilikecats's ghost
 31521 | D:13     | Identified 2 scrolls of acquirement
 31672 | D:13     | Found a gate to the Vaults.
 31723 | D:13     | Found a white marble altar of Elyvilon.
 31812 | D:13     | Found a gateway to a bazaar.
 31942 | D:13     | Noticed Kirke
 31962 | D:13     | Killed Kirke
 31979 | D:13     | Noticed Snorg
 31987 | D:13     | Killed Snorg
 32099 | D:13     | Reached skill level 10 in Invocations
 32796 | D:14     | Cast into level 2 of the Abyss (a wizard)
 32865 | Abyss:2  | Noticed a tentacled starspawn
 32924 | Abyss:2  | Killed a tentacled starspawn
 33041 | Abyss:2  | Noticed a tentacled starspawn
 33075 | Abyss:2  | Killed a tentacled starspawn
 33181 | Abyss:2  | Reached XP level 17. HP: 86/134 MP: 23/26
 33279 | D:14     | Escaped the Abyss
 33514 | D:15     | Entered Level 15 of the Dungeon
 34041 | D:15     | Found a staircase to the Depths.
 34307 | D:15     | Found a shattered altar of Ashenzari.
 34858 | Bazaar   | Entered a bazaar
 34858 | Bazaar   | Found Ziarryob's General Store.
 34947 | Bazaar   | Found Icseckut's Magic Scroll Emporium.
 34950 | Bazaar   | Found Kojifoll's Antique Armour Boutique.
 34959 | Bazaar   | Found Suc Gimn's Weapon Shop.
 35015 | Bazaar   | Bought a scroll of recharging for 104 gold pieces
 35015 | Bazaar   | Bought 2 potions of heal wounds for 110 gold pieces
 35024 | Bazaar   | Bought a scroll of fog for 20 gold pieces
 35024 | Bazaar   | Bought a scroll of identify for 20 gold pieces
 35024 | Bazaar   | Bought 2 scrolls of silence for 150 gold pieces
 35024 | Bazaar   | Bought a scroll of enchant armour for 75 gold pieces
 35024 | Bazaar   | Bought a scroll of identify for 20 gold pieces
 35041 | Bazaar   | Bought a throwing net for 36 gold pieces
 35064 | Bazaar   | Bought a scroll of holy word for 82 gold pieces
 35277 | Orc:2    | Bought a scroll of recharging for 332 gold pieces
 35277 | Orc:2    | Bought a potion of curing for 105 gold pieces
 35288 | Orc:2    | Bought a book of Air for 490 gold pieces
 35292 | Orc:2    | Learned a level 2 spell: Repel Missiles
 35492 | D:12     | Reached skill level 1 in Air Magic
 35500 | D:12     | Identified Sif Muna's Papyrus of Quantum Fire
 35539 | D:12     | Identified the Volume of Dislocated Dark Magic
 35560 | D:12     | Found a deep blue altar of Sif Muna.
 35692 | D:12     | Identified the Incunabulum of Confrontation and Poison
 35705 | D:12     | Identified the Compendium of Conjuration
 35708 | D:12     | Identified the Handbook of Harmful Poisoning
 35979 | Lair:4   | Learned a level 1 spell: Apportation
 35984 | Lair:4   | Learned a level 4 spell: Passage of Golubria
 36158 | Snake:1  | Entered Level 1 of the Snake Pit
 36366 | Swamp:1  | Entered Level 1 of the Swamp
 38366 | Swamp:2  | Reached skill level 10 in Dodging
 38696 | Swamp:3  | Reached XP level 18. HP: 143/143 MP: 27/27
 39852 | Swamp:4  | Entered Level 4 of the Swamp
 39896 | Swamp:3  | Reached skill level 5 in Shields
 40116 | Swamp:4  | Noticed Aizul
 40195 | Swamp:4  | Killed Aizul
 40298 | Swamp:4  | Noticed Mara
 40495 | Swamp:4  | Noticed Duffy's illusion
 40506 | Swamp:4  | Killed Mara
 41092 | Swamp:4  | Reached skill level 10 in Shields
 41277 | Swamp:4  | Found an opulent altar of Gozag.
 41666 | Swamp:4  | Noticed the 27-headed Lernaean hydra
 41677 | Swamp:4  | HP: 6/146 [the 27-headed Lernaean hydra (8)]
 41679 | Swamp:4  | HP: 1/146 [the 27-headed Lernaean hydra (4)]
 41679 | Swamp:4  | Slain by the 27-headed Lernaean hydra

Vault maps used:
D:1:      dpeg_arrival_lava_temple_mockup, minmay_tromino_i4
D:2:      first_bread, ecumenical_altar_2
D:3:      grunt_ministairs_6
D:4:      kennysheep_generic_room_11
D:5:      kennysheep_pointless_box, uniq_eustachio
D:6:      uniq_blork_the_orc
D:7:      lemuel_angel_altar
D:8:      lemuel_ratsnest
D:9:      lair_0_dummy, hangedman_ranch, uniq_maurice
D:10:     minmay_variable_closet
D:11:     david_orc_2, minmay_pinched_square, uniq_erica
D:12:     evilmike_library_of_no_secrets
D:13:     david_vaults_2, serial_shops, freezing_bzr, basic_altar, st_stairs_3,
          uniq_snorg, uniq_kirke
D:14:     grunt_tough_drop
D:15:     hangedman_depths_entry_try_elsewhere_first,
          nicolae_ashenzari_panopticon
Temple:   compressed_dpeg_triangle_lava_temple
Lair:1:   serial_bayou_shore_a
Lair:2:   minmay_another_anthill, uniq_prince_ribbit2
Lair:3:   serial_bayou_shore_b
Lair:4:   minmay_swamp_entry_wisps, dummy_snake_entry, nicolae_lair_yak_garden,
          infiniplex_staircase_pool_2
Lair:5:   slime_altar_1, nicolae_volcano_entry_batcave, lab_entry_generic,
          grunt_megastairs_5, uniq_urug
Lair:6:   grunt_lair_end_beastmaster, disabler_island
Swamp:1:  hangedman_swamp_pad, swamp_pool1
Swamp:2:  evilmike_swamp_ruin_rubble_2
Swamp:3:  evilmike_swamp_ruin_wall
Swamp:4:  swamp_old_school, nicolae_swamp_godswood, uniq_mara, uniq_aizul
Snake:1:  minmay_snake_river
Orc:1:    giant_chief_lemuel, serial_shops, shop
Orc:2:    st_orc_open
Bazaar:   bazaar_kb_twisted_cavern
Volcano:  volcano_overflow

Skill      XL: |  1  2  3  4  5  6  7  8  9 10 11 12 13 14 15 16 17 18 |
---------------+-------------------------------------------------------+-----
Fighting       | 1 2 4 5 7 9 10 11 12 13 14 | 14.1
Polearms       | 1 2 4 5 7 9 10 11 13 | 13.0
Necromancy     | 5 7 8 11 | 11.5
Dodging        | 4 6 7 10 | 10.5
Invocations    | 4 8 9 12 | 12.5
Shields        | 3 10 | 10.0
Evocations     | 2 5 |  5.0
Fire Magic     | 4 |  4.5
Conjurations   | 4 |  4.5
Charms         | 3 5 |  5.5
Armour         | 11 12 13 14 | 14.9
Air Magic      | 3 |  3.8
Stealth        | |  2.4
Spellcasting   | |  2.5

Action                   |  1- 3 |  4- 6 |  7- 9 | 10-12 | 13-15 | 16-18 || total
-------------------------+-------+-------+-------+-------+-------+-------++-------
Melee: Spear             |    80 |   228 |   292 |   732 |  1438 |   308 ||  3078
       Halberd           |       |       |    68 |    83 |    98 |    26 ||   275
       Trident           |       |       |     2 |       |       |       ||     2
       Lance             |       |       |       |       |       |  2023 ||  2023
Throw: Throwing net      |       |       |       |       |       |     3 ||     3
 Cast: Pain              |     8 |    29 |    10 |    17 |       |       ||    64
       Animate Dead      |       |       |     2 |     1 |       |       ||     3
       Vampiric Draining |       |       |       |     7 |     6 |     4 ||    17
       Conjure Flame     |       |       |       |     4 |    37 |    18 ||    59
       Regeneration      |       |       |       |       |    29 |    61 ||    90
       Repel Missiles    |       |       |       |       |       |     2 ||     2
Invok: Slouch            |       |       |       |     1 |     2 |    12 ||    15
       Temporal Distorti |       |       |       |       |     5 |    10 ||    15
 Abil: Dig               |       |     3 |     7 |    18 |    33 |    20 ||    81
Evoke: Wand              |       |       |       |       |       |    14 ||    14
  Use: Scroll            |       |     5 |     7 |    16 |     3 |    14 ||    45
       Potion            |       |       |     2 |       |     7 |     5 ||    14
 Stab: Sleeping          |     8 |     9 |     1 |    12 |     5 |       ||    35
       Distracted        |       |       |       |     7 |     1 |     2 ||    10
       Petrified         |       |       |       |       |     8 |       ||     8
       Confused          |       |       |       |       |       |     3 ||     3
       Held in net/web   |       |       |       |       |       |     1 ||     1
  Eat: Chunk             |     1 |    14 |    10 |    16 |    25 |    25 ||    91
       Royal jelly       |       |     1 |       |       |     1 |       ||     2
       Beef jerky        |       |       |     1 |     1 |       |     3 ||     5
       Pizza             |       |       |     1 |       |     2 |     5 ||     8
       Meat ration       |       |       |       |       |       |     1 ||     1
Armor: Robe              |     6 |     7 |       |       |       |       ||    13
       Leather armour    |       |    40 |     1 |       |       |       ||    41
       Ring mail         |       |       |    64 |    78 |    35 |       ||   177
       Plate armour      |       |       |       |       |   173 |   588 ||   761
       Scale mail        |       |       |       |       |    37 |       ||    37
Dodge: Dodged            |    16 |   112 |   171 |   378 |   548 |   867 ||  2092
       Deflected         |       |       |       |       |       |     5 ||     5
Block: Buckler           |       |       |       |   112 |   293 |   350 ||   755
       Shield            |       |       |       |       |       |   218 ||   218
